 Dungeon Crawl Stone Soup version 0.19.1-28-ge1247f7 (console) character file.

231 Kloppie the Skirmisher (level 5, -4/49 HPs)
             Began as a Draconian Berserker on Jan 22, 2017.
             Was a Believer of Trog.
             Slain by zodiitti's ghost (12 damage)
             ... on level 4 of the Dungeon.
             The game lasted 00:02:59 (2317 turns).

Kloppie the Skirmisher (Draconian Berserker)        Turns: 2317, Time: 00:02:59

Health: -4/49      AC:  6    Str: 19    XL:     5   Next: 72%
Magic:  5/5        EV: 12    Int:  8    God:    Trog [**....]
Gold:   118        SH:  0    Dex: 11    Spells: 0 memorised, 4 levels left

rFire  . . .     SeeInvis .     a - +0 hand axe
rCold  . . .     Gourm    .     (armour unavailable)
rNeg   . . .     Faith    .     (no shield)
rPois  .         Spirit   .     (helmet restricted)
rElec  .         Reflect  .     o - +0 cloak
rCorr  .         Harm     .     (no gloves)
MR     ++...                    (no boots)
Stlth  +.........               (no amulet)
                                (no ring)
                                (no ring)

@: exhausted, regenerating, slowed, very slow
A: unfitting armour, cold-blooded, AC +5
a: Berserk, Trog's Hand, Burn Spellbooks, Renounce Religion


You were on level 4 of the Dungeon.
You worshipped Trog.
Trog was pleased with you.
You were near starving.

You visited 1 branch of the dungeon, and saw 4 of its levels.

You collected 118 gold pieces.

Inventory:

Hand Weapons
 a - a +0 hand axe (weapon)
 p - a +0 war axe
Armour
 o - a +0 cloak (worn)
Scrolls
 e - 2 scrolls of identify {unknown}
 g - a scroll of fog {unknown}
 j - a scroll of teleportation {unknown}
 m - a scroll of amnesia {unknown}
 n - a scroll of remove curse {unknown}
Potions
 c - a potion of agility {unknown}
 f - 2 potions of curing {unknown}
 h - a potion of flight {unknown}
 l - 2 potions of brilliance {unknown}
Comestibles
 b - 2 bread rations
 d - 4 meat rations
 i - a royal jelly
 k - 2 chunks of flesh


   Skills:
 + Level 5.6 Fighting
 + Level 5.0 Axes
 - Level 2.6 Dodging


You had 4 spell levels left.
You didn't know any spells.

Dungeon Overview and Level Annotations

Branches:
Dungeon (4/15)
 Temple: D:4-7

Altars:
Ashenzari

Annotations:
D:4 zodiitti's ghost, amateur GrGl


Innate Abilities, Weirdness & Mutations

Your plain brown scales are hard. (AC +5)
You cannot fit into any form of body armour.
You are cold-blooded and may be slowed by cold attacks.


Message History

You closely miss zodiitti's ghost.
Your tail-slap misses zodiitti's ghost.
Zodiitti's ghost is heavily damaged.
Zodiitti's ghost hits you!
* * * LOW HITPOINT WARNING * * *
You barely miss zodiitti's ghost.
Zodiitti's ghost is heavily damaged.
Zodiitti's ghost hits you!
* * * LOW HITPOINT WARNING * * *
You hit zodiitti's ghost.
Zodiitti's ghost is heavily damaged.
You feel a strong urge to attack something.
You are no longer berserk.
You are exhausted.
You feel yourself slow down. Zodiitti's ghost barely misses you.
Your skin crawls.
You feel resistant to hostile enchantments.
You are near starving!
Zodiitti's ghost hits you!
You die...

#######
##########.....#
#..W@)...#.###.##
#.######.#......#
#.# #...#####..#
#.# #.#<.......#
#.####.########.#
#....#..........#
#....############
#...W....
#...#...####


You could see zodiitti's ghost.

Vanquished Creatures
  An ogre (D:4)
  An orc wizard (D:3)
  3 adders
  3 oozes
  2 worms (D:2)
  3 leopard geckos
  5 orcs (D:3)
  4 giant cockroaches
  6 goblins
  9 hobgoblins
  8 kobolds
  2 quokkas
  A ball python (D:2)
  7 bats
  5 frilled lizards
  7 rats
67 creatures vanquished.

Notes
Turn   | Place    | Note
-------+----------+-------------------------------------------
     0 | D:1      | Kloppie the Draconian Berserker began the quest for the Orb.
     0 | D:1      | Reached XP level 1. HP: 19/19 MP: 1/1
   241 | D:1      | Reached XP level 2. HP: 17/26 MP: 2/2
   793 | D:2      | Reached XP level 3. HP: 26/33 MP: 3/3
  1048 | D:2      | Reached ** piety under Trog
  1267 | D:2      | Reached XP level 4. HP: 41/41 MP: 4/4
  1495 | D:3      | Found a shattered altar of Ashenzari.
  2112 | D:3      | Reached skill level 5 in Fighting
  2112 | D:3      | Reached XP level 5. HP: 34/48 MP: 5/5
  2231 | D:4      | Noticed an ogre
  2246 | D:4      | Killed an ogre
  2246 | D:4      | Reached skill level 5 in Axes
  2289 | D:4      | Noticed zodiitti's ghost (amateur GrGl)
  2317 | D:4      | Slain by zodiitti's ghost

Skill      XL: |  1  2  3  4  5 |
---------------+----------------+-----
Fighting       | 4 5 |  5.6
Axes           | 4 5 |  5.0
Dodging        | |  2.6

Action                   |  1- 3 |  4- 6 || total
-------------------------+-------+-------++-------
Melee: Hand axe          |   126 |    97 ||   223
       Tailslap          |    15 |    18 ||    33
Invok: Berserk           |     1 |     2 ||     3
       Trog's Hand       |       |     1 ||     1
 Stab: Sleeping          |     1 |     2 ||     3
  Eat: Chunk             |     1 |     5 ||     6
Armor: Skin              |    27 |    27 ||    54
Dodge: Dodged            |    81 |    44 ||   125
